Map: Neon Violet Square LE

Players

LigerMaNN - Winner!

  • Race: Zerg Zerg
  • League: Diamond
  • Spawn Location: 5:00

renegadeX

  • Race: Zerg Zerg
  • League: Diamond
  • Spawn Location: 11:00

VOD

Have the link to the VOD?

Description

Time

  • Played on: April 21, 2018, 9:55 p.m.
  • Length: 16:03
Show
View Real Time Build Order
Export as new Build Order

LigerMaNN Zerg - Winner!

Build Orders: Hatch First 

Get SALT Encoding   

  12  0:01  Drone  
  13  0:13  Overlord  
  13  0:18  Drone  
  14  0:31  Drone x2  
  16  0:47  Drone  
  17  0:52  Hatchery  
  17  0:56  Drone  
  17  0:59  Drone  
  18  1:10  Extractor  
  17  1:16  Spawning Pool  
  16  1:30  Drone  
  16  1:31  Drone x2  
  19  1:48  Overlord  
  19  2:05  Zergling x6  
  22  2:11  Queen x2  
  22  2:15  Metabolic Boost  
  26  2:26  Drone x2  
  26  2:27  Drone x2  
  30  2:36  Overlord  
  30  2:52  Hatchery  
  29  3:12  Drone  
  29  3:13  Drone x5  
  29  3:17  Baneling Nest  
  33  3:23  Zergling x2  
  34  3:31  Zergling x2  
  32  3:43  Zergling x10  
  32  3:44  Zergling x6  
  35  4:03  Baneling x2  
  35  4:12  Zergling x18  
  35  4:13  Queen  
  35  4:14  Queen  
  48  4:31  Baneling x2  
  43  5:05  Baneling  
  43  5:07  Zergling x16  
  49  5:08  Overlord x4  
  45  5:33  Drone  
  45  5:34  Drone x6  
  49  5:38  Queen  
  51  5:44  Zergling x18  
  60  5:53  Roach Warren  
  59  6:01  Zergling x12  
  59  6:03  Baneling  
  59  6:04  Baneling x2  
  63  6:26  Baneling  
  63  6:28  Zergling x12  
  63  6:29  Zergling x8  
  63  6:32  Extractor  
  68  6:33  Extractor  
  63  6:55  Drone x8  
  71  7:02  Drone  
  71  7:03  Drone x3  
  63  7:28  Lair  
  58  7:30  Evolution Chamber  
  54  7:39  Roach  
  54  7:40  Roach x4  
  54  7:41  Zergling x8  
  54  7:42  Zergling x14  
  75  7:57  Zerg Missile Weapons Level 1  
  73  8:00  Roach  
  73  8:03  Zergling x12  
  73  8:05  Overlord x2  
  75  8:28  Drone x3  
  75  8:29  Drone x4  
  66  9:05  Roach x4  
  66  9:06  Roach x6  
  66  9:09  Ravager  
  87  9:12  Glial Reconstitution  
  87  9:15  Queen, Extractor  
  86  9:17  Extractor  
  86  9:19  Hatchery  
  86  9:21  Drone x3  
  86  9:23  Drone  
  88  9:38  Roach x4  
  96  9:45  Overlord x2  
  96  10:06  Roach x8  
  110  10:08  Overlord x2  
  110  10:11  Zerg Ground Armor Level 1  
  110  10:14  Evolution Chamber  
  107  10:16  Drone x2  
  107  10:19  Extractor  
  108  10:22  Drone x6  
  114  10:33  Ravager x3  
  117  10:39  Zerg Missile Weapons Level 2  
  117  10:41  Zergling x10  
  117  10:42  Hatchery  
  121  10:48  Overseer  
  121  11:00  Ravager x2  
  121  11:01  Ravager  
  121  11:03  Zergling x8  
  128  11:07  Overlord x3  
  128  11:26  Roach x12  
  128  11:31  Overlord  
  149  11:47  Roach x2  
  149  11:49  Overlord x4  
  149  11:50  Roach  
  149  11:51  Roach x3  
  149  11:53  Ravager  
  158  12:05  Roach  
  158  12:06  Roach x3  
  158  12:08  Roach x4  
  170  12:09  Roach  
  170  12:14  Zerg Ground Armor Level 2  
  174  12:20  Drone  
  174  12:21  Drone x3  
  178  12:27  Overseer  
  178  12:44  Roach  
  178  12:45  Roach  
  178  12:46  Overlord x3  
  182  13:01  Infestation Pit  
  182  13:02  Hydralisk Den  
  182  13:04  Drone x4  
  182  13:05  Drone x10, Queen  
  185  13:35  Hatchery  
  185  13:38  Hatchery  
  165  13:47  Roach  
  165  13:48  Roach x7  
  130  13:57  Roach  
  130  13:58  Roach x2  
  130  14:00  Ravager x3  
  130  14:01  Ravager  
  138  14:20  Extractor x2  
  136  14:34  Roach x5  
  136  14:35  Roach x6  
  146  14:44  Roach x4  
  151  14:50  Ravager  
  151  14:51  Ravager  
  153  14:53  Roach x3  
  153  14:57  Ravager x3  
  153  14:59  Roach  
  155  15:01  Ravager x2  
  142  15:20  Roach  
  142  15:21  Roach x10  
Show
View Real Time Build Order
Export as new Build Order

renegadeX Zerg 

Build Orders: Hatch First 

Get SALT Encoding   

  12  0:01  Drone  
  13  0:14  Drone  
  14  0:21  Overlord  
  14  0:31  Extractor  
  14  0:32  Drone  
  14  0:33  Drone, Extractor  
  16  0:39  Drone  
  17  0:47  Drone  
  18  1:01  Drone  
  19  1:06  Hatchery  
  19  1:09  Drone  
  19  1:19  Drone  
  19  1:21  Extractor  
  19  1:30  Spawning Pool  
  18  1:35  Drone  
  19  1:40  Drone  
  20  1:52  Overlord  
  20  2:17  Zergling x2  
  20  2:18  Zergling x2  
  23  2:22  Zergling x2  
  23  2:23  Drone  
  23  2:28  Queen  
  23  2:29  Queen  
  28  2:30  Drone  
  28  2:36  Overlord  
  29  2:40  Zergling x2  
  30  2:44  Metabolic Boost  
  30  2:48  Zergling x2  
  30  2:51  Zergling x2  
  32  2:55  Drone  
  33  3:02  Drone  
  34  3:09  Drone  
  34  3:12  Zergling x2  
  36  3:16  Baneling Nest  
  36  3:18  Drone  
  36  3:24  Drone  
  37  3:27  Drone  
  38  3:38  Zergling x4  
  38  3:48  Zergling x4  
  40  3:52  Zergling x2  
  40  3:53  Zergling x8  
  43  3:57  Zergling x2  
  43  4:02  Zergling x2  
  43  4:06  Baneling x2  
  43  4:07  Baneling x2  
  43  4:08  Zergling x2  
  44  4:14  Hatchery  
  44  4:17  Overlord x2  
  43  4:22  Roach Warren  
  43  4:23  Drone  
  43  4:27  Drone  
  41  4:41  Baneling x2  
  41  5:05  Zergling x6  
  45  5:07  Roach x4  
  45  5:08  Roach  
  45  5:09  Queen  
  45  5:10  Overlord  
  55  5:15  Evolution Chamber, Zergling x4  
  55  5:16  Spine Crawler, Evolution Chamber, Zergling x2  
  55  5:22  Zergling x4  
  54  5:32  Zergling x2  
  54  5:33  Zergling x2  
  52  5:36  Roach  
  52  5:37  Baneling x2  
  52  5:39  Zergling x4  
  52  5:40  Zergling x2  
  52  5:42  Baneling  
  56  5:44  Drone  
  57  5:54  Drone  
  57  5:55  Drone  
  57  5:56  Drone x2  
  61  6:00  Drone x3  
  61  6:02  Drone  
  65  6:05  Drone  
  65  6:08  Roach  
  68  6:12  Zergling x4  
  68  6:16  Drone x2  
  72  6:21  Roach x2  
  70  6:28  Zergling x6  
  70  6:30  Drone  
  73  6:32  Drone  
  73  6:39  Extractor  
  71  6:41  Overlord  
  71  6:42  Overlord  
  66  6:48  Roach x2  
  66  6:50  Roach  
  66  6:54  Zergling x2  
  73  6:56  Overlord x2  
  73  7:00  Roach  
  75  7:07  Roach  
  67  7:20  Roach  
  68  7:26  Zergling x8  
  68  7:27  Zergling x18  
  68  7:29  Overlord  
  67  7:35  Roach  
  61  7:39  Drone x2  
  61  7:44  Roach  
  63  7:48  Roach  
  63  7:49  Baneling  
  65  7:53  Roach  
  65  7:57  Roach  
  69  7:59  Zergling x2  
  69  8:02  Drone  
  69  8:03  Drone x2  
  73  8:08  Queen, Extractor  
  73  8:10  Overlord  
  74  8:15  Roach x2  
  77  8:21  Roach  
  77  8:23  Roach  
  77  8:24  Zergling x2  
  77  8:25  Zergling x4  
  78  8:32  Roach x2  
  78  8:33  Roach  
  79  8:38  Roach  
  79  8:40  Zergling x4  
  79  8:41  Zergling x2  
  78  8:43  Zergling x6  
  78  8:44  Zergling x2  
  74  8:49  Roach  
  74  8:51  Queen  
  73  8:59  Drone  
  73  9:00  Drone x2  
  74  9:06  Drone  
  74  9:07  Drone x3  
  78  9:15  Roach  
  78  9:16  Roach  
  82  9:18  Lair  
  82  9:20  Drone x2  
  82  9:22  Roach  
  86  9:26  Roach  
  86  9:29  Overlord  
  88  9:34  Roach  
  88  9:35  Roach  
  92  9:39  Extractor  
  92  9:41  Zerg Missile Weapons Level 1  
  92  9:43  Zergling x4  
  93  9:47  Roach x2  
  93  9:48  Roach  
  99  9:55  Drone x3  
  99  9:58  Roach x2  
  104  10:01  Roach  
  104  10:03  Roach  
  104  10:04  Roach  
  103  10:11  Drone  
  103  10:12  Drone x3  
  107  10:19  Hydralisk Den  
  107  10:21  Drone  
  107  10:23  Drone x3  
  107  10:25  Drone  
  107  10:28  Drone  
  112  10:29  Drone  
  112  10:32  Glial Reconstitution  
  113  10:38  Zerg Ground Armor Level 1  
  113  10:40  Drone  
  114  10:42  Extractor  
  114  10:43  Roach  
  114  10:49  Muscular Augments  
  115  10:56  Drone  
  115  10:57  Drone  
  117  11:00  Extractor, Roach  
  117  11:01  Roach x3  
  124  11:07  Zergling x6  
  127  11:16  Roach  
  128  11:41  Overlord x4  
  128  11:42  Overlord  
  128  11:51  Overlord x3  
  128  11:52  Overlord x2  
  128  11:53  Hatchery  
  127  11:57  Overlord  
  127  11:58  Overlord  
  127  12:01  Grooved Spines  
  127  12:03  Hydralisk x2  
  127  12:04  Hydralisk x2  
  127  12:08  Hydralisk x2  
  135  12:12  Queen  
  141  12:15  Hydralisk  
  141  12:18  Hydralisk  
  141  12:22  Hydralisk  
  147  12:26  Hydralisk  
  147  12:28  Hydralisk  
  151  12:31  Hydralisk  
  153  12:38  Hydralisk x2  
  153  12:41  Hydralisk  
  153  12:43  Overlord  
  159  12:48  Zerg Missile Weapons Level 2  
  159  12:54  Zerg Ground Armor Level 2  
  159  12:58  Hydralisk  
  162  13:05  Drone x2  
  162  13:06  Drone  
  162  13:07  Queen  
  162  13:10  Hydralisk  
  168  13:17  Hydralisk x2  
  172  13:26  Hydralisk  
  173  13:27  Hydralisk x2  
  166  13:39  Hydralisk x3  
  166  13:40  Hydralisk x2  
  128  13:50  Hydralisk x2  
  128  13:51  Hydralisk  
  128  13:54  Unknown, Roach x2  
  128  13:55  Unknown x4  
  108  14:00  Roach  
  108  14:01  Roach x3  
  112  14:08  Hydralisk x2  
  112  14:12  Hydralisk  
  114  14:20  Hydralisk x3  
  118  14:27  Hydralisk  
  108  14:32  Roach  
  108  14:35  Zergling x2  
  89  14:39  Unknown  
  89  14:40  Roach x2  
  89  14:41  Roach x4  
  89  14:42  Roach  
  89  14:45  Roach  
  97  14:55  Hydralisk x3  
  88  15:00  Hydralisk x2  
  88  15:03  Hydralisk  
  81  15:11  Roach  
  81  15:12  Roach  
  74  15:15  Roach  
  74  15:19  Hydralisk  
  70  15:22  Hydralisk  
  61  15:28  Hydralisk  
  61  15:32  Roach  
  49  15:35  Hydralisk  
Tags
 
Add a new tag
Caveats
  • Supply blocks, unpowered buildings, or Contaminate may cause inaccurate times.
  • Supply counts are checked every 10 seconds.